 Dungeon Crawl Stone Soup version 0.23-a0-408-g9d4b7ed (webtiles) character file.

125 Zephyr the Sneak (level 4, -1/21 HPs)
             Began as a Spriggan Enchanter on Nov 8, 2018.
             Slain by a worm (8 damage)
             ... on level 3 of the Dungeon.
             The game lasted 00:14:18 (5306 turns).

Zephyr the Sneak (Spriggan Enchanter)               Turns: 5306, Time: 00:14:19

Health: -1/21      AC:  2    Str:  5    XL:     4   Next: 82%
Magic:  9/9        EV: 18    Int: 16    God:
Gold:   100        SH:  0    Dex: 16    Spells: 7/8 levels left

rFire    . . .     SeeInvis +   a - +1 dagger
rCold    . . .     Gourm    .   (shield restricted)
rNeg     . . .     Faith    .   b - +0 robe
rPois    .         Spirit   .   (helmet restricted)
rElec    .         Reflect  .   (no cloak)
rCorr    .         Harm     .   (gloves unavailable)
MR       .....                  (boots unavailable)
Stlth    ++++......             (no amulet)
HPRegen  0.07/turn              (no ring)
MPRegen  0.11/turn              (no ring)

@: very quick
A: very small, unfitting armour, see invisible, herbivore, speed 3, slow
metabolism 2
a: no special abilities


You were on level 3 of the Dungeon.
You were hungry.

You visited 1 branch of the dungeon, and saw 3 of its levels.

You collected 100 gold pieces.

Inventory:

Hand Weapons
 a - a +1 dagger (weapon)
Armour
 b - a +0 robe (worn)
Scrolls
 c - a scroll of random uselessness {unknown}
 e - 4 scrolls of identify {unknown}
 h - a scroll of remove curse {unknown}
 j - 4 scrolls of teleportation {unknown}
Potions
 f - a potion of curing {unknown}
 g - a potion of heal wounds {unknown}
 i - a potion of haste {unknown}
Comestibles
 d - 4 rations


   Skills:
 + Level 3.5 Short Blades
 - Level 3.0 Dodging
 * Level 7.0 Stealth
 - Level 2.6 Spellcasting
 - Level 3.6 Hexes


You had 7 spell levels left.
You knew the following spells:

 Your Spells              Type           Power        Failure   Level  Hunger
a - Corona                Hex            ##.....      4%          1    #......

Your spell library contained the following spells:

 Spells                   Type           Power        Failure   Level  Hunger
 Confuse                  Hex            ##......     13%         3    ###....
 Tukima's Dance           Hex            ##......     13%         3    ###....
 Ensorcelled Hibernation  Hex/Ice        #.....       14%         2    ##.....
 Dazzling Spray           Conj/Hex       #.....       28%         3    ###....


Dungeon Overview and Level Annotations

Branches:
Dungeon (3/15)

Altars:


Innate Abilities, Weirdness & Mutations

You are very small and have problems with some larger weapons.
You are too small for most types of armour.
You have supernaturally acute eyesight. (SInv)
You are a herbivore.
You cover ground extremely quickly.
You need to consume almost no food.


Message History

You closely miss the leopard gecko. You closely miss the leopard gecko.
The leopard gecko bites you.
You hit the leopard gecko.
The leopard gecko is heavily wounded.
The leopard gecko bites you.
You hit the leopard gecko.
You kill the leopard gecko!
You hit the worm.
The worm is lightly wounded.
You hit the worm.
The worm is lightly wounded.
You hit the worm.
The worm is moderately wounded.
The worm bites you!
You hit the worm.
The worm is moderately wounded.
You hit the worm.
The worm is moderately wounded.
The worm bites you!
You die...

#.....# .# ##...
#.....# .# ###..
##....# .# ..
####.# .# .. #.#
.# r ##.######
.######
#..#≈≈≈≈##.......
#..#w≈≈≈#.....#
#..@≈≈≈≈'.###.#
####≈≈≈≈###
#≈≈≈≈# ######


You could see a worm.

Vanquished Creatures
  6 adders
  2 oozes
  3 worms
  3 dart slugs (D:1)
  A leopard gecko (D:3)
  4 bats
  A giant cockroach (D:3)
  2 goblins
  6 hobgoblins
  4 jackals (D:2)
  2 quokkas (D:2)
  3 frilled lizards
  7 kobolds
  A quokka skeleton (D:3)
  6 rats
51 creatures vanquished.

Notes
Turn   | Place    | Note
-------+----------+-------------------------------------------
     0 | D:1      | Zephyr the Spriggan Enchanter began the quest for the Orb.
     0 | D:1      | Reached XP level 1. HP: 9/9 MP: 5/5
   539 | D:1      | Reached XP level 2. HP: 4/13 MP: 6/6
   581 | D:1      | Reached skill level 5 in Stealth
  1439 | D:2      | Reached XP level 3. HP: 16/16 MP: 8/8
  2088 | D:2      | Reached skill level 6 in Stealth
  3122 | D:2      | Reached XP level 4. HP: 21/21 MP: 9/9
  5272 | D:3      | Reached skill level 7 in Stealth
  5306 | D:3      | Slain by a worm

Vault maps used:
D:1:      eino_arrival_cavern_d
D:2:      first_ration
D:3:      nicolae_overflow_hidden_temple, chequers_serial_rivers_room_b,
          hangedman_feature_mirror, kennysheep_generic_room_6, uniq_ijyb

Skill      XL: |  1  2  3  4 |
---------------+-------------+-----
Stealth        | 5 6 7 |  7.0
Short Blades   | 2 3 |  3.5
Dodging        | |  3.0
Spellcasting   | |  2.6
Hexes          | |  3.6

Action                   |  1- 3 |  4- 6 || total
-------------------------+-------+-------++-------
Melee: Dagger            |   178 |   183 ||   361
 Stab: Sleeping          |    14 |     3 ||    17
  Eat: Ration            |       |     1 ||     1
Armor: Robe              |    11 |     8 ||    19
Dodge: Dodged            |   116 |    96 ||   212

Table legend:
 A = Non-vault XP
 B = Vault XP
 C = Vault XP percentage of total XP
 D = Non-vault monster count
 E = Vault monster count
 F = Vault count percentage of total count
                 A         B        C        D         E       F
            +---------+---------+-------+---------+---------+-------
      Total |     175 |       4 |   2.2 |      48 |       3 |   5.9
            +---------+---------+-------+---------+---------+-------
        D:1 |      37 |       0 |   0.0 |      16 |       0 |   0.0
        D:2 |      77 |       0 |   0.0 |      21 |       0 |   0.0
        D:3 |      61 |       4 |   6.2 |      11 |       3 |  21.4
            +---------+---------+-------+---------+---------+-------
